 Dungeon Crawl Stone Soup version 0.21-a0-442-g848f44b (webtiles) character file.

9594 vishdafish the Slicer (level 11, -6/83 HPs)
             Began as a Naga Fighter on Nov 12, 2017.
             Was a High Priest of Okawaru.
             Mangled by a troll (10 damage)
             ... on level 11 of the Dungeon.
             The game lasted 00:38:12 (12843 turns).

vishdafish the Slicer (Naga Fighter)               Turns: 12843, Time: 00:38:12

Health: -6/83      AC: 12    Str: 17 (18) XL:     11   Next: 48%
Magic:  15/15      EV: 12    Int: 13      God:    Okawaru [*****.]
Gold:   631        SH:  0    Dex:  9 (12) Spells: 11/16 levels left

rFire    . . .     SeeInvis +   V - +2 falchion (slice)
rCold    + . .     Gourm    .   v - +2 buckler
rNeg     . . .     Faith    .   b - +0 scale mail
rPois    +         Spirit   .   (helmet restricted)
rElec    .         Reflect  +   D - +2 cloak {rPois}
rCorr    .         Harm     .   (no gloves)
MR       +....                  (no barding)
Stlth    ++........             m - +4 amulet of reflection
HPRegen  0.23/turn              F - ring of protection from cold
MPRegen  0.14/turn              N - ring of stealth

@: confused, heroism, very slow
A: beak, see invisible, clever 1, deformed body, deterioration 2, frail 1,
poison resistance, slowness 2, slow metabolism 1, spit poison 1, MP-powered
wands, AC +3
a: Spit Poison, Heroism, Finesse, Renounce Religion


You were on level 11 of the Dungeon.
You worshipped Okawaru.
Okawaru was extremely pleased with you.
You were hungry.

You visited 2 branches of the dungeon, and saw 12 of its levels.

You collected 631 gold pieces.

Inventory:

Hand Weapons
 P - a +2 dagger of venom
 S - a +0 blowgun
 V - a +2 falchion of slicing (weapon)
Missiles
 w - 4 needles of confusion (quivered)
Armour
 b - a +0 scale mail (worn)
 e - a +0 helmet
 v - a +2 buckler (worn)
 D - a +2 cloak of poison resistance (worn)
Jewellery
 i - an uncursed ring of flight
 m - a +4 amulet of reflection (around neck)
 q - an uncursed ring of resist corrosion
 r - an uncursed amulet of regeneration
 F - a ring of protection from cold (left hand)
 K - an uncursed ring of magical power
 N - a ring of stealth (right hand)
Wands
 a - a wand of random effects (40/48)
 h - a wand of polymorph (21/24)
 y - a wand of flame (4/48)
 G - a wand of lightning (7/15)
 M - a wand of flame (29/48)
Scrolls
 c - 3 scrolls of teleportation
 j - 3 scrolls of amnesia {unknown}
 u - 2 scrolls of remove curse
 x - 2 scrolls of magic mapping {unknown}
 z - a scroll of random uselessness {unknown}
 B - a scroll of fear {unknown}
 E - 2 scrolls of fog
 I - a scroll of enchant weapon {unknown}
 L - a scroll of summoning {unknown}
 R - 3 scrolls of enchant armour {unknown}
 T - 2 scrolls of blinking
Potions
 k - a potion of invisibility
 l - a potion of resistance
 o - 2 potions of flight
 p - a potion of haste {unknown}
 C - a potion of brilliance
 U - a potion of berserk rage {unknown}
Books
 d - a book of Minor Magic

   Spells                             Type                      Level
   a - Magic Dart                     Conjuration                  1
   b - Blink                          Translocation                2
   c - Call Imp                       Summoning                    2
   d - Slow                           Hexes                        2
   e - Conjure Flame                  Conjuration/Fire             3
   f - Mephitic Cloud                 Conjuration/Poison/Air       3
 s - a book of Cantrips

   Spells                             Type                      Level
   a - Confusing Touch                Hexes                        1
   b - Animate Skeleton               Necromancy                   1
   c - Summon Small Mammal            Summoning                    1
   d - Apportation                    Translocation                1
Comestibles
 f - 11 bread rations
 g - 4 royal jellies
 n - 2 meat rations
 Q - 4 fruits


   Skills:
 - Level 4.5(9.5) Fighting
 * Level 10.4(15.4) Short Blades
 - Level 5.5(10.5) Armour
 + Level 5.8(10.8) Dodging
 - Level 7.4(12.4) Stealth
 - Level 3.1(8.1) Shields
 - Level 3.2 Spellcasting
 * Level 2.8 Hexes
 - Level 5.1 Translocations
 + Level 5.7 Invocations


You had 11 spell levels left.
You knew the following spells:

 Your Spells              Type           Power        Failure   Level  Hunger
a - Blink                 Tloc           N/A          11%         2    ##.....
b - Slow                  Hex            #.......     28%         2    ##.....
c - Apportation           Tloc           ###...       7%          1    #......


Dungeon Overview and Level Annotations

Branches:
Dungeon (11/15)            Temple (1/1) D:6
   Lair: D:8-11         Orc: D:9-12

Altars:
Ashenzari
Cheibriados
Dithmenos
Elyvilon
Fedhas
Gozag
Hepliaklqana
Kikubaaqudgha
Makhleb
Nemelex Xobeh
Okawaru
Qazlal
Ru
Sif Muna
Trog
Uskayaw
Vehumet
Wu Jian
Xom
Yredelemnul
Zin
The Shining One

Shops:
D:11 =


Innate Abilities, Weirdness & Mutations

You cannot wear boots.
Your serpentine skin is tough. (AC +3)
You have supernaturally acute eyesight. (SInv)
Armour fits poorly on your strangely shaped body.
Your system is resistant to poisons. (rPois)
You cover ground very slowly.
You have a slow metabolism.
You can spit poison.
You have a beak for a mouth.
Your mind is acute. (Int +2)
Your body often deteriorates upon taking damage.
You are frail. (-10% HP)
You expend magic power (3 MP) to strengthen your wands.


Message History

The troll is severely wounded.
The troll bites you but does no damage. The troll closely misses you.
The troll completely misses you.
You bump into the stone wall.
The troll bites you.
* * * LOW HITPOINT WARNING * * *
The troll claws you.
* * * LOW HITPOINT WARNING * * *
The troll claws you!
* * * LOW HITPOINT WARNING * * *
You bump into the rock wall.
The troll barely misses you. The troll closely misses you.
The troll barely misses you.
You bump into the stone wall.
The troll bites you.
* * * LOW HITPOINT WARNING * * *
The troll claws you!
* * * LOW HITPOINT WARNING * * *
The troll misses you.
You bump into the stone wall.
The troll bites you.
* * * LOW HITPOINT WARNING * * *
The troll claws you but does no damage. The troll claws you!
You die...

###+### #.....#
#.≈.≈.# #..∩..#
#.≈.≈.# #..T..#
###'##############.
#..T@....<.......
#################


You could see a troll.

Vanquished Creatures
  4 two-headed ogres
  Pikel (D:4)
  Joseph (D:9)
  A hippogriff (D:7)
  A spriggan (D:7)
  A vampire (D:9)
  5 yaks (D:9)
  A hungry ghost (D:9)
  Duvessa (D:7)
  2 water moccasins (D:10)
  5 orc warriors
  2 sky beasts
  3 slaves
  A necrophage (D:9)
  2 ice beasts
  4 centaurs
  5 ogres
  A crocodile (D:7)
  A big kobold (D:9)
  3 bullfrogs
  Dowan (D:7)
  A wyvern skeleton (D:10)
  A scorpion (D:8)
  3 killer bees (D:9)
  2 howler monkeys
  5 crimson imps
  A centaur zombie (D:5)
  2 quasits
  A bullfrog zombie (D:9)
  3 centaur skeletons
  12 orc priests
  Crazy Yiuf (D:7)
  A bullfrog skeleton (D:6)
  5 hounds
  4 jellies
  9 orc wizards
  3 iguanas
  8 worker ants
  A killer bee zombie (D:7)
  Robin (D:4)
  3 gnolls (D:3)
  10 adders
  3 shadow imps
  3 adder skeletons
  2 adder zombies
  A worm (D:2)
  3 dart slugs
  9 leopard geckos
  28 orcs
  10 bats
  A giant cockroach (D:1)
  17 goblins
  8 hobgoblins
  6 jackals
  6 kobolds
  6 quokkas
  6 frilled lizards
  A quokka skeleton (D:4)
  2 quokka zombies
  5 rats
240 creatures vanquished.

Vanquished Creatures (others)
  A centaur (D:7)
  An iguana (D:6)
  An orc (D:4)
  2 goblins (D:4)
5 creatures vanquished.

Grand Total: 245 creatures vanquished

Notes
Turn   | Place    | Note
-------+----------+-------------------------------------------
     0 | D:1      | vishdafish the Naga Fighter began the quest for the Orb.
     0 | D:1      | Reached XP level 1. HP: 21/21 MP: 1/1
   319 | D:1      | Reached XP level 2. HP: 25/28 MP: 2/2
   827 | D:2      | Reached XP level 3. HP: 25/34 MP: 3/3
   965 | D:2      | Reached skill level 1 in Stealth
  1040 | D:2      | Reached XP level 4. HP: 42/42 MP: 4/4
  1065 | D:2      | Found a sacrificial altar of Ru.
  1465 | D:3      | Reached XP level 5. HP: 36/49 MP: 5/5
  1555 | D:3      | Reached skill level 3 in Short Blades
  1628 | D:3      | Found a blossoming altar of Fedhas.
  1841 | D:3      | Reached skill level 1 in Dodging
  2477 | D:4      | Reached XP level 6. HP: 43/57 MP: 6/6
  2561 | D:4      | Noticed a slave
  2562 | D:4      | Noticed a slave
  2563 | D:4      | Noticed Pikel
  2563 | D:4      | Noticed a slave
  2564 | D:4      | Noticed a slave
  2601 | D:3      | Killed a slave
  2609 | D:3      | Killed a slave
  3347 | D:4      | Noticed Robin
  3366 | D:4      | Killed Robin
  3824 | D:4      | Killed a slave
  3991 | D:4      | Killed Pikel
  3991 | D:4      | Reached skill level 5 in Short Blades
  3991 | D:4      | Reached XP level 7. HP: 40/66 MP: 7/7
  4153 | D:5      | Entered Level 5 of the Dungeon
  4231 | D:5      | Reached XP level 8. HP: 22/73 MP: 8/8
  4632 | D:5      | Found a shadowy altar of Dithmenos.
  4668 | D:5      | Reached skill level 5 in Stealth
  4668 | D:5      | Reached skill level 1 in Spellcasting
  4876 | D:5      | Gained mutation: Your muscles are strong. (Str +2) [mutagenic meat]
  5223 | D:4      | Reached skill level 6 in Short Blades
  6101 | D:6      | Reached XP level 9. HP: 54/79 MP: 12/12
  6200 | D:6      | Found a staircase to the Ecumenical Temple.
  6206 | Temple   | Entered the Ecumenical Temple
  6426 | Temple   | Became a worshipper of Warmaster Okawaru
  6875 | D:7      | Noticed Dowan
  6896 | D:7      | Noticed Duvessa
  6937 | D:7      | Reached skill level 7 in Short Blades
  7800 | D:7      | Reached skill level 1 in Invocations
  7839 | D:7      | HP: 3/79 [orc warrior/long sword (13)]
  8212 | D:7      | Reached skill level 5 in Armour
  8390 | D:7      | Reached * piety under Okawaru
  8427 | D:7      | Killed Duvessa
  8427 | D:7      | Reached skill level 8 in Short Blades
  8716 | D:7      | Killed Dowan
  8745 | D:7      | Found a runed door.
  8749 | D:7      | Noticed Crazy Yiuf
  8764 | D:7      | Killed Crazy Yiuf
  8863 | D:7      | Reached XP level 10. HP: 62/87 MP: 14/14
  9464 | D:8      | Noticed a two-headed ogre
  9486 | D:8      | Learned a level 2 spell: Blink
  9489 | D:8      | Learned a level 2 spell: Slow
  9519 | D:8      | Killed a two-headed ogre
  9519 | D:8      | Reached ** piety under Okawaru
  9519 | D:8      | Reached skill level 1 in Translocations
  9833 | D:8      | Lost mutation: Your muscles are strong. (Str +2) [potion of mutation]
  9833 | D:8      | Gained mutation: You tend to lose your temper in combat. [potion of mutation]
  9833 | D:8      | Gained mutation: Your magical capacity is low. (-10% MP) [potion of mutation]
  9833 | D:8      | Lost mutation: Your magical capacity is low. (-10% MP) [potion of mutation]
  9834 | D:8      | Lost mutation: You tend to lose your temper in combat. [potion of mutation]
  9834 | D:8      | Gained mutation: Your body sometimes deteriorates upon taking damage. [potion of mutation]
  9834 | D:8      | Gained mutation: You are clumsy. (Dex -2) [potion of mutation]
  9834 | D:8      | Gained mutation: You have a pair of small horns on your head. [potion of mutation]
  9836 | D:8      | Gained mutation: Your body often deteriorates upon taking damage. [mutagenic meat]
  9837 | D:8      | Gained mutation: You occasionally shout uncontrollably at your foes. [mutagenic meat]
  9838 | D:8      | Gained mutation: You passively map a small area around you. [mutagenic meat]
  9956 | D:8      | Noticed a two-headed ogre
  9980 | D:8      | Killed a two-headed ogre
  9980 | D:8      | Reached *** piety under Okawaru
  9980 | D:8      | Reached skill level 9 in Short Blades
 10031 | D:8      | Reached skill level 5 in Dodging
 10436 | D:9      | Noticed Joseph
 10457 | D:9      | Killed Joseph
 10562 | D:9      | Reached **** piety under Okawaru
 10577 | D:9      | Reached XP level 11. HP: 37/93 MP: 15/15
 10592 | D:9      | Reached skill level 5 in Invocations
 10998 | D:9      | Noticed a two-headed ogre
 11019 | D:9      | Killed a two-headed ogre
 11019 | D:9      | Reached skill level 10 in Short Blades
 11019 | D:9      | Reached skill level 5 in Translocations
 11236 | D:9      | Learned a level 1 spell: Apportation
 11370 | D:9      | Got an encrusted war axe
 11371 | D:9      | Identified the +4 war axe of Fortitude {freeze, Str+3} (You found it on level 9 of the Dungeon)
 11386 | D:10     | Entered Level 10 of the Dungeon
 11390 | D:10     | Noticed a two-headed ogre
 11502 | D:9      | Killed a two-headed ogre
 11502 | D:9      | Reached skill level 1 in Hexes
 12255 | D:10     | Lost mutation: You are clumsy. (Dex -2) [potion of mutation]
 12255 | D:10     | Lost mutation: You have a pair of small horns on your head. [potion of mutation]
 12255 | D:10     | Gained mutation: You are covered in fur. (AC +1) [potion of mutation]
 12255 | D:10     | Gained mutation: Your mind is acute. (Int +2) [potion of mutation]
 12361 | D:10     | Lost mutation: You passively map a small area around you. [potion of mutation]
 12361 | D:10     | Lost mutation: You are covered in fur. (AC +1) [potion of mutation]
 12361 | D:10     | Lost mutation: You occasionally shout uncontrollably at your foes. [potion of mutation]
 12361 | D:10     | Gained mutation: You are frail. (-10% HP) [potion of mutation]
 12361 | D:10     | Gained mutation: You expend magic power (3 MP) to strengthen your wands. [potion of mutation]
 12361 | D:10     | Gained mutation: You have a beak for a mouth. [potion of mutation]
 12554 | D:10     | Reached ***** piety under Okawaru
 12800 | D:11     | Found Nupnet Eqec's Jewellery Boutique.
 12834 | D:11     | HP: 3/83 [troll (11)]
 12842 | D:11     | HP: 3/83 [troll (7)]
 12843 | D:11     | Mangled by a troll

Vault maps used:
D:1:      lightli_arrival_chessboard
D:2:      first_bread, nicolae_ru_great_annihilating_truth
D:3:      fedhas_altar_1
D:4:      kennysheep_goblin_castle, st_stairs_10, uniq_pikel
D:5:      grunt_dithmenos_smoke_and_mirrors
D:6:      minmay_temple_entry_hall, minmay_tree_intersection
D:7:      the_bakery, uniq_crazy_yiuf_cottage, uniq_duvessa
D:8:      cheibrodos_quashed
D:9:      uniq_joseph
D:11:     lair_entry_dummy, serial_shops, kennysheep_little_box,
          kennysheep_generic_room_15, uniq_erica
Temple:   kilobyte_greek_temple

Skill      XL: |  1  2  3  4  5  6  7  8  9 10 11 |
---------------+----------------------------------+-----
Stealth        | 1 2 4 6 7 |  7.4
Shields        | 3 |  3.1
Short Blades   | 3 5 6 8 9 10 | 10.4
Armour         | 3 4 5 |  5.5
Dodging        | 1 2 3 4 5 |  5.8
Fighting       | 4 |  4.5
Spellcasting   | 2 3 |  3.2
Invocations    | 2 4 5 |  5.7
Translocations | 4 5 |  5.1
Hexes          | 2 |  2.8

Action                   |  1- 3 |  4- 6 |  7- 9 | 10-12 || total
-------------------------+-------+-------+-------+-------++-------
Melee: Rapier            |    95 |   306 |   493 |       ||   894
       Dagger            |       |       |    19 |   409 ||   428
       Headbutt          |       |       |       |    61 ||    61
       Falchion          |       |       |       |   160 ||   160
       Peck              |       |       |       |     5 ||     5
 Cast: Slow              |       |       |       |     2 ||     2
Invok: Heroism           |       |       |       |     7 ||     7
 Abil: Spit Poison       |       |     2 |    15 |     3 ||    20
  Use: Scroll            |       |     9 |     7 |     4 ||    20
       Potion            |       |     3 |     2 |    13 ||    18
 Stab: Paralysed         |       |     1 |       |       ||     1
       Sleeping          |       |       |     5 |     7 ||    12
       Distracted        |       |       |       |     1 ||     1
       Invisible         |       |       |       |     1 ||     1
  Eat: Chunk             |       |     8 |    15 |    11 ||    34
       Meat ration       |       |       |       |     1 ||     1
Armor: Scale mail        |    35 |    89 |    95 |   128 ||   347
       Skin              |       |       |       |    15 ||    15
Dodge: Dodged            |    16 |    79 |   113 |   129 ||   337
Block: Shield            |    65 |    50 |       |       ||   115
       Reflection        |     1 |    13 |     6 |     1 ||    21
       Buckler           |       |   133 |   218 |   234 ||   585
       Rpst.: Falchion   |       |       |       |    15 ||    15

Table legend:
 A = Spawn XP
 B = Non-spawn XP
 C = Spawn XP percentage of total XP
 D = Spawn monster count
 E = Non-spawn monster count
 F = Spawn count percentage of total count
 G = Total turns spent on level
                    A         B        C        D         E        F      G
               +---------+---------+-------+---------+---------+-------+---------
         Total |       0 |   13706 |   0.0 |       0 |     241 |   0.0 | 12843
               +---------+---------+-------+---------+---------+-------+---------
           D:1 |       0 |      24 |   0.0 |       0 |      13 |   0.0 |   689
           D:2 |       0 |     102 |   0.0 |       0 |      18 |   0.0 |   481
           D:3 |       0 |     135 |   0.0 |       0 |      32 |   0.0 |  1273
           D:4 |       0 |    1009 |   0.0 |       0 |      35 |   0.0 |  1971
           D:5 |       0 |     640 |   0.0 |       0 |      16 |   0.0 |  1277
           D:6 |       0 |     891 |   0.0 |       0 |      21 |   0.0 |  1093
           D:7 |       0 |    1854 |   0.0 |       0 |      30 |   0.0 |  1902
           D:8 |       0 |    2673 |   0.0 |       0 |      21 |   0.0 |  1252
           D:9 |       0 |    4634 |   0.0 |       0 |      32 |   0.0 |  1591
          D:10 |       0 |    1650 |   0.0 |       0 |      21 |   0.0 |   988
          D:11 |       0 |      94 |   0.0 |       0 |       2 |   0.0 |    53
               +---------+---------+-------+---------+---------+-------+---------
